 Dungeon Crawl Stone Soup version 0.29.1-2-gbd0b4ee654 (webtiles) character file.

Game seed: 10024055292415869792

29167 nullchk the Bludgeoner (level 13, -5/128 HPs)
             Began as a Minotaur Berserker on Nov 19, 2022.
             Was a High Priest of Trog.
             Shot with an arrow by a centaur warrior (14 damage)
             ... on level 13 of the Dungeon.
             The game lasted 01:44:43 (19709 turns).

nullchk the Bludgeoner (Minotaur Berserker)        Turns: 19709, Time: 01:44:44

Health: -5/128     AC: 20    Str: 26    XL:     13   Next: 13%
Magic:  12/12      EV:  8    Int:  4    God:    Trog [*****.]
Gold:   598        SH:  5    Dex: 11    Spells: 12/12 levels left

rFire   . . .      SeeInvis .   w - +4 great mace (flame)
rCold   . . .      Faith    .   (shield currently unavailable)
rNeg    + . .      Spirit   .   C - +0 plate armour
rPois   +          Reflect  +   (helmet restricted)
rElec   .          Harm     .   I - +2 cloak {rPois}
rCorr   .          Rampage  .   (no gloves)
Will    .....                   (no boots)
Stlth   ..........              p - amulet of reflection
HPRegen 0.31/turn               j - ring of positive energy
MPRegen 0.13/turn               (no ring)

@: invisible
A: horns 2, retaliatory headbutt
a: Renounce Religion, Berserk, Trog's Hand, Brothers in Arms


You were on level 13 of the Dungeon.
You worshipped Trog.
Trog was extremely pleased with you.
You visited 2 branches of the dungeon, and saw 14 of its levels.
You also visited: Sewer.

You collected 1127 gold pieces.
You spent 529 gold pieces at shops.

Inventory:

Hand Weapons
 b - a +0 sling
 e - a +1 flail of holy wrath
 w - a +4 great mace of flaming (weapon)
 A - a +0 giant spiked club
 N - a +2 mace of draining
 O - a +0 arbalest
Missiles
 c - 75 stones
 g - a throwing net
Armour
 d - a +0 ring mail of poison resistance
 y - a +3 scale mail of fire resistance
 B - a +1 ring mail of cold resistance
 C - a +0 plate armour (worn)
 I - a +2 cloak of poison resistance (worn)
 K - a +2 kite shield
 L - +0 acid dragon scales
Jewellery
 h - a ring of fire
 j - a ring of positive energy (left hand)
 m - a +6 ring of intelligence
 p - an amulet of reflection (around neck)
 R - an amulet of guardian spirit
Wands
 l - a wand of mindburst (7)
 q - a wand of flame (45) (quivered)
 t - a wand of digging (15)
 G - a wand of roots (6)
 Q - a wand of polymorph (2)
Scrolls
 i - 6 scrolls of identify
 x - 4 scrolls of teleportation
 F - 3 scrolls of enchant armour
 H - a scroll of poison
 J - a scroll of brand weapon
 M - a scroll of butterflies {unknown}
Potions
 a - 7 potions of curing
 f - 5 potions of mutation
 k - 3 potions of might
 n - 3 potions of attraction
 o - a potion of flight
 r - 4 potions of brilliance
 s - 5 potions of berserk rage
 u - 2 potions of degeneration
 v - a potion of ambrosia
 z - 2 potions of haste
 D - 6 potions of lignification
 P - a potion of magic


   Skills:
 * Level 15.6 Fighting
 + Level 15.8 Maces & Flails
 + Level 6.9 Ranged Weapons
 * Level 14.7 Armour
 - Level 2.1 Dodging


You had 12 spell levels left.
You didn't know any spells.
Your spell library contained the following spells:

 Spells                   Type           Power      Damage    Failure   Level
 Static Discharge         Conj/Air       0%         3-3/arc   99%         2
 Lightning Bolt           Conj/Air       0%         1d11      100%        5
 Maxwell's Capacitive Co  Air            0%         ∞         100%        8


Dungeon Overview and Level Annotations

Branches:
Dungeon (13/15)            Temple (1/1) D:4            Lair (0/5) D:8
    Orc (0/2) D:10          Sewer (visited)
 Vaults: D:13-14

Altars:
Ashenzari
Cheibriados
Dithmenos
Elyvilon
Fedhas
Gozag
Hepliaklqana
Kikubaaqudgha
Makhleb
Nemelex Xobeh
Okawaru
Qazlal
Ru
Sif Muna
Trog
Uskayaw
Vehumet
Wu Jian
Xom
Yredelemnul
Zin
The Shining One

Shops:
D:2 *   D:3 (   D:5 (   D:8 *   D:10 *


Innate Abilities, Weirdness & Mutations

You have a pair of horns on your head.
You reflexively headbutt those who attack you in melee.


Message History

The arrow hits the centaur.
The centaur shoots an arrow.
The arrow hits you!
The centaur shoots an arrow.
You reflect the arrow off an invisible shield around you!
The arrow barely misses the centaur. x2
You hear a roar!
The centaur warrior shoots an arrow.
The arrow closely misses you.
You hear a roar!
You open the door.
The centaur warrior shoots an arrow.
The arrow hits you!
The centaur shoots an arrow.
The arrow hits you!
The centaur warrior shoots an arrow.
The arrow misses you.
The centaur shoots an arrow.
The arrow hits you!
There is an open door here.
You close the door.
Something unseen opens the door.
The centaur warrior shoots an arrow.
The arrow hits you.
* * * LOW HITPOINT WARNING * * *
You fade into invisibility!
The centaur warrior shoots an arrow.
You reflect the arrow off an invisible shield around you!
The arrow hits the centaur warrior!!
The centaur warrior shoots an arrow.
The arrow hits you.
* * * LOW HITPOINT WARNING * * *
The centaur warrior shoots an arrow.
The centaur warrior shoots an arrow.
The arrow hits you!
* * * LOW HITPOINT WARNING * * *
The centaur warrior shoots an arrow.
The arrow misses you.
The centaur warrior shoots an arrow.
You open the door.
The centaur warrior shoots an arrow.
The arrow barely misses you.
The centaur warrior shoots an arrow.
The arrow hits you!
* * * LOW HITPOINT WARNING * * *
Found a potion of heal wounds.
The centaur warrior shoots an arrow.
The arrow hits you!
* * * LOW HITPOINT WARNING * * *
There is an open door here.
Found a book of the Wilderness.
You close the door.
Something unseen opens the door.
The centaur warrior shoots an arrow.
The arrow hits you!
You die...

#. ... #. ...# #.#
##+###..## #.#
#.......:# #.# #.@.....#
#.# #........# ###.##
#.........
.....##########.........
###c..c.c.cc..c......!..
#.###########.........
#.# ###'###### #.# .#
#.# .#


You could see a centaur warrior (unable to see you).

Vanquished Creatures
  2 hydras
  2 boulder beetles
  A centaur warrior (D:12)
  A tengu warrior (D:13)
  2 two-headed ogres (D:10)
  3 death yaks
  Sonja (D:12)
  Pikel (D:8)
  An orc knight (D:12)
  3 cyclopes
  3 ugly things
  Maurice (D:8)
  Maggie (D:10)
  3 gargoyles
  A komodo dragon (D:11)
  4 kobold demonologists
  A tengu conjurer (D:13)
  8 trolls
  4 hornets
  A hornet (shapeshifter) (D:13)
  Grinder (D:3)
  A wind drake (shapeshifter) (D:13)
  5 slime creatures
  A centaur simulacrum (D:10)
  3 vampires
  4 shadows
  2 wyverns
  5 wraiths
  9 yaks
  Eustachio (D:6)
  A basilisk (D:12)
  4 vampire mosquitoes (D:12)
  Edmund (D:4)
  2 acid dragons
  3 water moccasins
  7 orc warriors
  2 ice beasts (D:6)
  A black bear (D:5)
  2 sky beasts (D:4)
  An ogre (D:12)
  8 centaurs
  A phantom (D:5)
  7 kobold brigands
  2 bullfrogs
  2 necrophages
  A gnoll sergeant (D:11)
  Blork the orc (D:6)
  2 scorpions
  6 wights
  2 killer bees
  2 electric eels (D:10)
  4 howler monkeys
  A jelly (D:6)
  Crazy Yiuf (D:3)
  6 orc priests
  2 gnoll boudas
  5 hounds
  2 iguanas
  7 orc wizards
  A mummy (D:10)
  10 adders
  32 gnolls
  7 river rats (D:5)
  3 shadow imps
  2 white imps
  An ufetubus (D:5)
  2 worms
  3 dart slugs
  62 orcs
  7 bats
  6 endoplasms
  5 giant cockroaches
  7 goblins
  7 hobgoblins
  18 jackals
  11 quokkas
  9 ball pythons
  7 frilled lizards
  24 kobolds
  24 rats
410 creatures vanquished.

Vanquished Creatures (others)
  8 plants
8 creatures vanquished.

Grand Total: 418 creatures vanquished

Notes
Turn   | Place    | Note
-------+----------+-------------------------------------------
     0 | D:1      | nullchk the Minotaur Berserker began the quest for the Orb.
     0 | D:1      | Reached XP level 1. HP: 19/19 MP: 0/0
   148 | D:1      | You fall into a shaft and drop 1 floor!
   159 | D:2      | Found Tidurugo's Assorted Antiques.
   238 | D:2      | Reached XP level 2. HP: 26/26 MP: 1/1
   786 | D:1      | Found a faded altar of an unknown god.
   825 | D:1      | Reached skill level 5 in Maces & Flails
   967 | D:1      | Reached XP level 3. HP: 24/31 MP: 2/2
  1106 | D:1      | Reached ** piety under Trog
  1462 | D:2      | Found an opulent altar of Gozag.
  2576 | D:3      | Reached XP level 4. HP: 34/39 MP: 3/3
  3185 | D:3      | Reached XP level 5. HP: 45/45 MP: 4/4
  3209 | D:3      | Noticed Grinder
  3236 | D:3      | Killed Grinder
  3237 | D:3      | Reached XP level 6. HP: 51/51 MP: 5/5
  3469 | D:3      | Found a runed translucent door.
  3470 | D:3      | Noticed Crazy Yiuf
  3484 | D:3      | Killed Crazy Yiuf
  3751 | D:3      | Found Kinlecs's Weapon Shoppe.
  3862 | D:3      | Found a sparkling altar of Nemelex Xobeh.
  3954 | D:4      | Noticed a sky beast
  3972 | D:4      | Killed a sky beast
  4039 | D:4      | Reached XP level 7. HP: 57/57 MP: 6/6
  4105 | D:4      | Found a glowing drain.
  4122 | Sewer    | Entered a sewer
  4448 | Sewer    | Reached skill level 10 in Maces & Flails
  4628 | D:4      | Reached *** piety under Trog
  4918 | D:4      | Found a staircase to the Ecumenical Temple.
  4925 | Temple   | Entered the Ecumenical Temple
  5467 | D:4      | Noticed Edmund
  5944 | D:4      | Reached XP level 8. HP: 40/64 MP: 7/7
  7196 | D:4      | Killed Edmund
  7457 | D:4      | Reached **** piety under Trog
  8411 | D:4      | Reached skill level 10 in Fighting
  8411 | D:4      | Reached skill level 10 in Armour
  8411 | D:4      | Reached XP level 9. HP: 86/86 MP: 8/8
  8487 | D:5      | Entered Level 5 of the Dungeon
  9143 | D:5      | Found Juschamm's Weapon Shoppe.
  9679 | D:6      | Reached XP level 10. HP: 93/96 MP: 9/9
  9679 | D:6      | Reached ***** piety under Trog
  9725 | D:6      | Found a bloodstained altar of Trog.
  9841 | D:6      | Noticed Blork the orc
  9855 | D:6      | Killed Blork the orc
  9967 | D:6      | Noticed Eustachio
  9973 | D:6      | Killed Eustachio
 10041 | D:6      | Found a burning altar of Makhleb.
 10394 | D:7      | Identified the +3 dire flail of Focus {venom, rF- Int+9}
 10430 | D:7      | Found a glowing golden altar of the Shining One.
 10936 | D:7      | Found an ornate altar of the Wu Jian Council.
 10970 | D:7      | Found an opulent altar of Gozag.
 11320 | D:8      | Found a white marble altar of Elyvilon.
 11379 | D:8      | Found Plog's Assorted Antiques.
 11385 | D:8      | Bought a scroll of enchant armour for 165 gold pieces
 11635 | D:8      | Noticed a death yak
 11645 | D:8      | Reached skill level 1 in Ranged Weapons
 11648 | D:8      | Noticed a death yak
 11744 | D:8      | Noticed a death yak
 11748 | D:8      | Killed a death yak
 11863 | D:8      | Noticed Maurice
 11867 | D:8      | Killed a death yak
 11913 | D:7      | Killed a death yak
 12065 | D:8      | Killed Maurice
 12066 | D:8      | Reached XP level 11. HP: 105/105 MP: 10/10
 12127 | D:8      | Found a staircase to the Lair.
 12156 | D:8      | Noticed Pikel
 12174 | D:8      | Killed Pikel
 12480 | D:8      | Found a blossoming altar of Fedhas.
 13316 | D:9      | Found an ancient bone altar of Kikubaaqudgha.
 13473 | D:9      | Received a gift from Trog
 13616 | D:10     | Entered Level 10 of the Dungeon
 13922 | D:10     | Found a sacrificial altar of Ru.
 13926 | D:10     | Found Qemmehe's General Store.
 14196 | D:10     | Bought a +3 scale mail of fire resistance for 364 gold
                  | pieces
 14257 | D:10     | Noticed a two-headed ogre
 14265 | D:10     | Killed a two-headed ogre
 14485 | D:10     | Found a staircase to the Orcish Mines.
 14575 | D:10     | Found a snail-covered altar of Cheibriados.
 14824 | D:10     | Noticed a cyan ugly thing
 14831 | D:10     | Killed a cyan ugly thing
 14881 | D:10     | Noticed Maggie
 14886 | D:10     | Killed Maggie
 15277 | D:11     | Noticed a two-headed ogre
 15282 | D:11     | Noticed a five-headed hydra
 15287 | D:10     | Killed a two-headed ogre
 15396 | D:10     | Killed a five-headed hydra
 15399 | D:10     | Reached skill level 15 in Maces & Flails
 15676 | D:11     | Noticed a seven-headed hydra
 15686 | D:11     | Killed a seven-headed hydra
 15687 | D:11     | Reached skill level 5 in Ranged Weapons
 15687 | D:11     | Reached XP level 12. HP: 77/117 MP: 11/11
 16439 | D:11     | Noticed a boulder beetle
 16452 | D:11     | Killed a boulder beetle
 16772 | D:12     | Noticed a centaur warrior
 16787 | D:12     | Killed a centaur warrior
 17731 | D:12     | Noticed a boulder beetle
 17741 | D:12     | Killed a boulder beetle
 18138 | D:11     | Reached skill level 15 in Fighting
 18913 | D:12     | Noticed Sonja
 18933 | D:12     | Killed Sonja
 19166 | D:13     | Received a gift from Trog
 19173 | D:13     | Noticed a tengu warrior
 19204 | D:13     | Killed a tengu warrior
 19310 | D:13     | Reached XP level 13. HP: 109/127 MP: 12/12
 19709 | D:13     | Shot with an arrow by a centaur warrior

Illustrated notes

Levels and vault maps discovered:
D:1:      dpeg_arrival_snail, layout_basic, nicolae_ecumenical_snake_handling
D:2:      layout_basic, basic_altar, serial_shops, shop
D:3:      layout_rooms, nemelex_diamond_rough_becter, serial_shops,
          nicolae_shop_bloodbath_and_beyond, uniq_grinder,
          uniq_crazy_yiuf_cottage
D:4:      lemuel_castle_with_subvaults [lemuel_castle_interior_carwin_3],
          layout_loops_corners, minmay_temple_entry_junction,
          gup_sewer_entry_pipe, uniq_edmund
D:5:      lemuel_ratsnest, layout_loops_cross, serial_shops,
          nicolae_shop_crystal
D:6:      corexii_shack_village, layout_basic,
          mainiacjoe_overflow_small_starburst, kennysheep_little_box,
          uniq_blork_the_orc, uniq_eustachio
D:7:      layout_loops_ring, mainiacjoe_overflow_brackets, lemuel_crystal_altar,
          lemuel_crystal_altar, dreamdust_princess_corridor
D:8:      layout_cave_pools, fedhas_altar_fruit_tree,
          mainiacjoe_overflow_boulevard, dpeg_lair_monsters, serial_shops,
          nicolae_shop_stone, enter_bailey_2, chequers_serial_rivers_room_b,
          uniq_pikel, uniq_maurice
D:9:      layout_cave_pools, kiku_gazebo_pond_becter, st_stairs_12,
          dk_noncrumbling_3, minmay_stone_trees_medium
D:10:     layout_gridville, mainiacjoe_overflow_24_doors, chei_slow_surprise,
          orc_0_dummy, serial_shops, nicolae_shop_waterfront, evilmike_minifort,
          uniq_maggie
D:11:     layout_long_grid
D:12:     layout_roguey [special_room_orc], nicolae_wwwww, uniq_sonja
D:13:     layout_roguey, erik_vaults_1, nicolae_lava_and_water,
          onia_ninara_cookie
Temple:   minmay_temple_curvy_loop

Skill      XL: |  1  2  3  4  5  6  7  8  9 10 11 12 |
---------------+-------------------------------------+-----
Maces & Flails | 4 5 6 8 9 11 13 14 15 | 15.8
Fighting       | 10 11 12 14 15 | 15.6
Armour         | 10 11 12 14 | 14.7
Ranged Weapons | 2 5 6 |  6.9
Dodging        | |  2.1

Action                   |  1- 3 |  4- 6 |  7- 9 | 10-12 | 13-15 || total
-------------------------+-------+-------+-------+-------+-------++-------
Melee: Spear             |    91 |       |       |       |       ||    91
       Headbutt          |     9 |     6 |    49 |    91 |     7 ||   162
       Flail             |     1 |    40 |   229 |       |       ||   270
       Punch             |       |       |     1 |       |       ||     1
       Dire flail        |       |       |   157 |   191 |       ||   348
       Great mace        |       |       |       |   299 |    42 ||   341
 Fire: Sling             |     1 |     2 |       |       |       ||     3
Throw: Stone             |     3 |     3 |    23 |     3 |       ||    32
Invok: Berserk           |       |     4 |     4 |    12 |       ||    20
       Trog's Hand       |       |     2 |     1 |     1 |       ||     4
Evoke: Wand              |       |       |       |    24 |     3 ||    27
  Use: Scroll            |     3 |     4 |     5 |     9 |       ||    21
       Potion            |       |       |     7 |     4 |     1 ||    12
 Stab: Sleeping          |     1 |       |       |       |       ||     1
Armor: Animal skin       |    13 |       |       |       |       ||    13
       Leather armour    |       |     3 |       |       |       ||     3
       Chain mail        |       |    10 |   118 |    10 |       ||   138
       Plate armour      |       |       |       |   249 |    27 ||   276
Dodge: Dodged            |    38 |    12 |   105 |   152 |    26 ||   333
Block: Other             |       |       |       |    78 |    14 ||    92
       Reflection        |       |       |       |     8 |     5 ||    13
